Map: Catalyst LE

Players

tglanz - Winner!

  • Race: Protoss Protoss
  • Spawn Location: 5:00

Baranoera

  • Race: Zerg Zerg
  • League: Gold
  • Spawn Location: 11:00

VOD

Have the link to the VOD?

Description

Time

  • Played on: June 17, 2018, 12:15 p.m.
  • Length: 12:59
Show
View Real Time Build Order
Export as new Build Order

tglanz Protoss - Winner!

Build Orders: 1 Gate Expand 

Get SALT Encoding   

  12  0:01  Probe  
  13  0:13  Probe  
  14  0:18  Pylon  
  14  0:25  Probe  
  15  0:28  Assimilator  
  15  0:34  Probe  
  16  0:46  Probe, Gateway  
  17  0:59  Probe  
  18  1:07  Probe  
  19  1:15  Probe  
  20  1:33  Nexus  
  20  1:46  Cybernetics Core  
  20  1:48  Probe  
  21  2:00  Probe  
  22  2:15  Probe  
  22  2:16  Pylon  
  23  2:30  Twilight Council  
  23  2:34  Adept  
  25  2:38  Pylon  
  25  2:43  Probe, Warp Gate  
  25  2:53  Probe  
  26  2:58  Gateway  
  26  3:02  Robotics Facility  
  26  3:14  Probe x2  
  28  3:20  Charge  
  28  3:28  Assimilator  
  28  3:31  Probe x2  
  30  3:41  Assimilator  
  30  3:43  Probe x2  
  30  3:48  Gateway  
  32  3:53  Shield Battery  
  32  3:56  Probe  
  32  3:57  Probe  
  32  4:02  Warp Prism  
  36  4:16  Adept x2  
  40  4:30  Probe x2  
  42  4:31  Gateway  
  42  4:34  Gateway  
  42  4:44  Probe x2  
  44  4:48  Immortal  
  48  5:05  Probe x2  
  50  5:21  Robotics Facility  
  50  5:25  Pylon  
  50  5:27  Assimilator  
  50  5:36  Immortal  
  50  5:38  Nexus  
  50  5:42  Pylon  
  54  5:43  Pylon  
  54  5:46  Pylon  
  54  5:52  Probe x2  
  50  6:04  Zealot x3  
  50  6:05  Zealot x2  
  60  6:22  Forge  
  60  6:23  Forge  
  60  6:26  Observer x2  
  60  6:29  Probe x2  
  64  6:42  Probe x2  
  64  6:46  Assimilator  
  66  6:50  Assimilator, Shield Battery  
  66  6:52  Shield Battery  
  66  6:59  Zealot x4  
  74  7:11  Probe x3  
  74  7:13  Immortal  
  81  7:22  Zealot x4  
  85  7:52  Immortal  
  85  7:59  Robotics Bay  
  85  8:02  Templar Archives  
  85  8:03  Protoss Ground Weapons Level 1, Protoss Ground Armor Level 1  
  85  8:08  Pylon  
  85  8:11  Pylon  
  85  8:15  Pylon  
  85  8:20  Probe  
  85  8:21  Probe x2  
  88  8:38  Pylon  
  88  8:41  Pylon  
  88  8:42  Probe x2  
  88  8:43  Probe  
  88  8:44  Pylon  
  88  8:46  Pylon, Colossus  
  88  8:48  Psionic Storm  
  91  8:50  Extended Thermal Lance, Gateway  
  91  8:51  Gateway  
  91  8:55  Gateway  
  91  8:56  Colossus  
  91  8:57  Gateway  
  103  9:40  Probe x3  
  106  10:03  High Templar x3  
  106  10:04  High Templar, Shield Battery  
  114  10:08  Shield Battery  
  114  10:11  Shield Battery  
  114  10:12  High Templar x3  
  114  10:13  High Templar  
  122  10:15  Protoss Ground Armor Level 2, Protoss Ground Weapons Level 2  
  122  10:27  Archon x2  
  122  10:30  Immortal x2  
  130  10:37  Gravitic Drive  
  130  10:50  Gateway  
  130  10:51  Gateway  
  130  10:56  Pylon  
  130  10:57  Pylon  
  130  10:58  Pylon  
  130  11:00  Gateway  
  130  11:02  Gateway  
  130  11:03  Probe x3  
  133  11:05  Pylon  
  133  11:07  Pylon  
  133  11:09  Pylon  
  133  11:12  Pylon  
  133  11:22  Nexus, Zealot x4  
  133  11:25  Pylon  
  133  11:28  Pylon  
  133  11:31  Pylon  
  121  11:39  Zealot x4  
  119  12:04  Zealot x3  
  119  12:05  Zealot x5  
  117  12:27  Zealot  
  117  12:28  Zealot x6  
  117  12:29  Zealot  
  133  12:39  Archon  
Show
View Real Time Build Order
Export as new Build Order

Baranoera Zerg 

Build Orders: Hatch First 

Get SALT Encoding   

  12  0:02  Drone  
  13  0:08  Drone  
  14  0:16  Overlord  
  14  0:35  Drone x2  
  16  0:37  Drone  
  17  0:46  Drone  
  18  1:06  Hatchery  
  18  1:07  Extractor  
  16  1:12  Drone x2  
  18  1:21  Spawning Pool  
  17  1:27  Overlord  
  18  1:32  Drone  
  18  1:40  Overlord  
  18  1:56  Drone  
  19  2:09  Zergling x2  
  19  2:14  Drone  
  21  2:16  Roach Warren  
  21  2:18  Extractor  
  21  2:19  Queen  
  21  2:24  Queen  
  21  2:26  Drone  
  24  2:32  Metabolic Boost  
  24  2:35  Zergling x2  
  25  2:48  Zergling x6  
  28  2:54  Drone x2  
  30  3:06  Queen  
  30  3:11  Drone  
  33  3:20  Drone x2  
  35  3:29  Lair  
  35  3:32  Drone  
  36  3:47  Drone x3  
  36  3:48  Drone x2  
  41  3:53  Drone  
  42  3:58  Roach  
  42  4:00  Overlord  
  44  4:20  Roach x2  
  44  4:21  Roach x2  
  44  4:24  Overlord x2  
  52  4:28  Glial Reconstitution  
  52  4:58  Spore Crawler  
  51  5:07  Spore Crawler  
  50  5:14  Hydralisk Den  
  49  5:21  Drone  
  49  5:22  Drone x2  
  52  5:30  Evolution Chamber, Overlord x3  
  52  5:31  Drone  
  52  5:32  Evolution Chamber, Drone  
  52  5:33  Drone  
  52  5:34  Evolution Chamber  
  52  5:35  Hatchery  
  51  5:36  Extractor  
  51  5:38  Extractor  
  47  6:12  Zergling x2  
  47  6:13  Zergling x2  
  47  6:14  Zergling x12  
  47  6:15  Roach  
  47  6:16  Roach  
  59  6:18  Zerg Melee Weapons Level 1  
  59  6:19  Zerg Missile Weapons Level 1  
  59  6:22  Zerg Ground Armor Level 1  
  59  6:26  Drone x2  
  61  6:33  Drone x2  
  63  6:51  Queen  
  65  6:55  Drone x3  
  65  6:56  Drone  
  65  6:57  Drone x3  
  69  7:32  Hydralisk  
  69  7:33  Hydralisk x3  
  69  7:35  Drone x2  
  69  7:36  Drone x9  
  88  7:49  Infestation Pit  
  87  7:52  Hydralisk x3  
  87  7:54  Roach  
  87  7:57  Overlord  
  90  8:31  Baneling Nest  
  89  8:35  Grooved Spines  
  89  8:43  Hydralisk  
  89  8:44  Hydralisk x4  
  89  8:46  Roach x3  
  105  8:48  Overlord x2  
  105  8:49  Overlord x3  
  105  9:01  Overlord x2  
  105  9:19  Zerg Melee Weapons Level 2  
  105  9:20  Zerg Missile Weapons Level 2  
  105  9:22  Zerg Ground Armor Level 2  
  105  9:24  Centrifical Hooks  
  105  9:28  Hive  
  105  9:46  Muscular Augments  
  105  9:50  Ravager x3  
  105  9:51  Hydralisk, Ravager  
  105  9:52  Hydralisk  
  113  9:53  Zergling x2  
  113  9:54  Zergling x22  
  125  10:01  Extractor  
  125  10:02  Drone  
  125  10:03  Drone x2  
  125  10:05  Extractor  
  125  10:06  Drone x3  
  129  10:26  Baneling  
  129  10:51  Roach x4  
  129  10:53  Baneling  
  129  10:54  Baneling x6  
  129  10:55  Zergling x14  
  129  10:56  Zergling x14  
  151  10:58  Adrenal Glands  
  151  11:07  Ultralisk Cavern  
  94  11:38  Roach  
  94  11:39  Roach x3  
  79  11:40  Roach x9  
  80  12:07  Ultralisk x2  
  80  12:08  Ultralisk  
  86  12:21  Zergling x14  
  86  12:22  Zergling x12  
Tags
 
Add a new tag
Caveats
  • Supply blocks, unpowered buildings, or Contaminate may cause inaccurate times.
  • Supply counts are checked every 10 seconds.